 Dungeon Crawl Stone Soup version 0.18.1-50-g88ac8fd (webtiles) character file.

1001 go0n the Shield-Bearer (level 8, -5/64 HPs)
             Began as a Formicid Fighter on Sept 17, 2016.
             Was an Initiate of Qazlal.
             Slain by a troll (10 damage)
             ... on level 7 of the Dungeon.
             The game lasted 00:22:07 (6827 turns).

go0n the Shield-Bearer (Formicid Fighter)           Turns: 6827, Time: 00:22:08

Health: -5/64      AC:  7    Str: 22    XL:     8   Next: 43%
Magic:  8/8        EV: 10    Int:  9    God:    Qazlal [......]
Gold:   274        SH: 11    Dex: 10    Spells: 0 memorised, 7 levels left

rFire  + . .     SeeInvis +     a - +0 long sword
rCold  . . .     Gourm    .     m - +2 ring mail
rNeg   . . .     Faith    .     c - +0 shield
rPois  .         Spirit   .     (helmet unavailable)
rElec  .         Dismiss  .     (no cloak)
rCorr  .         Reflect  .     (no gloves)
SustAt .         Harm     .     (no boots)
MR     .....                    (no amulet)
Stlth  +.........               k - +2 ring of slaying
                                f - ring of protection from fire

@: drained, not resistant to hostile enchantments, very unstealthy
A: permanent stasis, dig shafts and tunnels, four strong arms, antennae 3
a: Dig, Shaft Self, Renounce Religion


You were on level 7 of the Dungeon.
You worshipped Qazlal.
Qazlal was noncommittal.
You were not hungry.

You visited 2 branches of the dungeon, and saw 8 of its levels.

You collected 274 gold pieces.

Inventory:

Hand Weapons
 a - a +0 long sword (weapon)
 r - a +2 war axe of chopping
 u - a +0 short sword of electrocution
Armour
 b - a +0 scale mail
 c - a +0 shield (worn)
 m - a +2 ring mail (worn)
 n - a +0 ring mail
Jewellery
 f - a ring of protection from fire (left hand)
 k - a +2 ring of slaying (right hand)
 t - an uncursed ring of flight
Wands
 j - a wand of acid (0/15)
Scrolls
 e - 2 scrolls of blinking
 g - a scroll of noise
 h - 2 scrolls of identify
 p - 2 scrolls of remove curse
 s - 3 scrolls of teleportation
 x - a scroll of magic mapping
Potions
 q - a potion of cure mutation
Comestibles
 d - a beef jerky
 i - a meat ration
 l - a slice of pizza
 o - 3 chunks of flesh


   Skills:
 + Level 6.1(6.0) Fighting
 * Level 5.6(5.4) Long Blades
 - Level 3.2(3.1) Armour
 - Level 0.6(0.5) Dodging
 - Level 0.3(0.2) Stealth
 + Level 7.7(7.6) Shields


You had 7 spell levels left.
You didn't know any spells.

Dungeon Overview and Level Annotations

Branches:
Dungeon (7/15)             Temple (1/1) D:5

Altars:
Ashenzari
Cheibriados
Elyvilon
Fedhas
Gozag
Nemelex Xobeh
Pakellas
Qazlal
Ru
Sif Muna
Vehumet
Xom
Zin

Shops:
D:4 }

Annotations:
D:6 barakagiga's ghost, novice MiCK
D:7 Menkaure


Innate Abilities, Weirdness & Mutations

You are under a permanent stasis effect.
You can dig through walls and to a lower floor.
Your four strong arms can wield two-handed weapons with a shield.
You have a pair of large antennae on your head (SInv).


Message History

Qazlal accepts your kill.
You closely miss the troll.
The troll is lightly wounded.
The troll barely misses you. The troll claws you!
* * * LOW HITPOINT WARNING * * *
The troll claws you!
* * * LOW HITPOINT WARNING * * *
Menkaure mumbles some strange words.
Menkaure seems to speed up.
Drink which item? (? for menu, Esc to quit)
Okay, then.
Read which item? (? for menu, Esc to quit)
Formicids cannot teleport.
Menkaure calls on the powers of darkness!
The ice beast convulses!
The troll convulses!
Your body is wracked with pain!
* * * LOW HITPOINT WARNING * * *
You closely miss the troll.
The troll is heavily wounded.
You block the troll's attack. The troll claws you!
You die...

. ...8 #. ##>## #..
####### #..# #......
...###.. #..## #
.....# #..###.# .
#...# ##.#...# .
#†{# ##YT@.# .#
#..###.:####
..######....M.....#
#..##....##...#....#
#.........##.......#
#.........##..#...##
#.........###.##...#
..#.......###.# #..#
####.###...##.# ....


You could see a troll, an ice beast and Menkaure.

Vanquished Creatures
  Duvessa (D:6)
  A sky beast (D:7)
  2 ogres
  A giant frog (D:7)
  Dowan (D:5)
  The ghost of Turgon the Skirmisher, a weakling DsCK of Xom (D:3)
  2 howler monkeys (D:7)
  A crimson imp (D:7)
  4 hounds
  A centaur skeleton (D:5)
  An iguana (D:5)
  4 worker ants (D:4)
  Robin (D:3)
  An adder (D:4)
  2 adder skeletons (D:5)
  2 worms
  3 dart slugs
  4 giant geckos
  6 orcs
  A ball python (D:2)
  6 bats
  5 giant cockroaches
  13 goblins
  7 hobgoblins
  7 jackals
  12 kobolds
  2 quokkas
  4 giant newts
  10 rats
106 creatures vanquished.

Notes
Turn   | Place    | Note
--------------------------------------------------------------
     0 | D:1      | go0n the Formicid Fighter began the quest for the Orb.
     0 | D:1      | Reached XP level 1. HP: 18/18 MP: 1/1
   148 | D:1      | Reached XP level 2. HP: 22/24 MP: 2/2
   210 | D:1      | Reached skill level 4 in Shields
   481 | D:1      | Reached XP level 3. HP: 23/30 MP: 3/3
  1412 | D:2      | Found a shattered altar of Ashenzari.
  1652 | D:2      | Reached XP level 4. HP: 24/37 MP: 4/4
  2358 | D:3      | Noticed Turgon's ghost (weakling DsCK)
  2374 | D:3      | Killed Turgon's ghost
  2374 | D:3      | Reached skill level 5 in Shields
  2374 | D:3      | Reached XP level 5. HP: 21/42 MP: 5/5
  2825 | D:3      | Noticed Robin
  2994 | D:3      | Killed Robin
  3140 | D:3      | Found a shimmering altar of Xom.
  3360 | D:4      | Reached XP level 6. HP: 43/49 MP: 6/6
  3547 | D:4      | Reached skill level 6 in Shields
  3553 | D:4      | Noticed an ogre
  3559 | D:4      | Killed an ogre
  3564 | D:4      | Found Tiwacepp's Gadget Emporium.
  3884 | D:4      | Found a white marble altar of Elyvilon.
  4036 | D:4      | Reached XP level 7. HP: 55/55 MP: 7/7
  4205 | D:4      | Reached skill level 5 in Fighting
  4487 | D:5      | Entered Level 5 of the Dungeon
  4618 | D:5      | Found a sparkling altar of Nemelex Xobeh.
  4618 | D:5      | Found a radiant altar of Vehumet.
  4654 | D:5      | Reached skill level 7 in Shields
  4711 | D:5      | Found a staircase to the Ecumenical Temple.
  4723 | Temple   | Entered the Ecumenical Temple
  4808 | Temple   | Became a worshipper of Qazlal Stormbringer
  5118 | D:6      | Noticed Dowan
  5120 | D:6      | Noticed Duvessa
  5860 | D:6      | Killed Duvessa
  5860 | D:6      | Reached XP level 8. HP: 40/64 MP: 8/8
  5879 | D:5      | Killed Dowan
  6069 | D:6      | Noticed barakagiga's ghost (novice MiCK)
  6701 | D:7      | Reached skill level 5 in Long Blades
  6803 | D:7      | Noticed Menkaure
  6805 | D:7      | Noticed a troll
  6827 | D:7      | Slain by a troll

Skill      XL: |  1  2  3  4  5  6  7  8 |
---------------+-------------------------+-----
Shields        | 4 5 6 7 |  7.7
Fighting       | 4 5 6 |  6.1
Long Blades    | 3 4 5 |  5.6
Armour         | |  3.2
Dodging        | |  0.6
Stealth        | |  0.3

Action                   |  1- 3 |  4- 6 |  7- 9 || total
-------------------------+-------+-------+-------++-------
Melee: Long sword        |   129 |   136 |   146 ||   411
 Abil: Dig               |       |     2 |       ||     2
Evoke: Wand              |       |       |     3 ||     3
  Use: Scroll            |     3 |     4 |     5 ||    12
       Potion            |     2 |     3 |     4 ||     9
  Eat: Bread ration      |     1 |       |     1 ||     2
       Meat ration       |       |     1 |     1 ||     2
       Chunk             |       |     1 |       ||     1
       Pizza             |       |       |     1 ||     1
Armor: Scale mail        |    37 |       |       ||    37
       Ring mail         |    27 |    27 |    64 ||   118
Dodge: Dodged            |    85 |    46 |    62 ||   193
Block: Shield            |   123 |    72 |   104 ||   299
